 Dungeon Crawl Stone Soup version 0.25-a0-1113-g0499d652a8 (webtiles) character file.

Game seed: 15028688814667512982, levelgen mode: classic

30 Amnesiac the Ogre Mage (level 3, -6/31 HPs)
             Began as an Ogre Wizard on May 17, 2020.
             Mangled by an iguana (12 damage)
             ... on level 4 of the Dungeon.
             The game lasted 00:02:50 (1350 turns).

Amnesiac the Ogre Mage (Ogre Wizard)                Turns: 1350, Time: 00:02:51

Health: -6/31      AC:  4    Str: 11    XL:     3   Next: 20%
Magic:  2/8        EV: 10    Int: 20    God:
Gold:   162        SH:  0    Dex:  7    Spells: 2/10 levels left

rFire    . . .     SeeInvis .   e - +0 whip
rCold    . . .     Gourm    .   (no shield)
rNeg     . . .     Faith    .   a - +0 robe
rPois    .         Spirit   .   b - +0 hat
rElec    .         Reflect  .   k - +0 cloak
rCorr    .         Harm     .   (gloves unavailable)
MR       .....                  (boots unavailable)
Stlth    +.........             (no amulet)
HPRegen  0.10/turn              (no ring)
MPRegen  0.11/turn              (no ring)

@: no status effects
A: large, unfitting armour, tough skin 1
a: no special abilities


You were on level 4 of the Dungeon.
You were not hungry.

You visited 1 branch of the dungeon, and saw 4 of its levels.

You collected 162 gold pieces.

Inventory:

Hand Weapons
 e - a +0 whip (weapon)
Armour
 a - a +0 robe (worn)
 b - a +0 hat (worn)
 j - a +0 kite shield
 k - a +0 cloak (worn)
Scrolls
 h - a scroll of identify {!r, unknown}
 i - a scroll of enchant weapon {!r, unknown}
Potions
 c - 2 potions of stabbing {!q, unknown}
 g - 2 potions of curing {!q, unknown}
Comestibles
 d - 6 rations
 f - 2 chunks of flesh


   Skills:
 - Level 1.7 Dodging
 + Level 1.8 Stealth
 + Level 4.0 Spellcasting
 * Level 2.0 Conjurations
 - Level 0.8 Summonings
 - Level 0.8 Translocations


You had 2 spell levels left.
You knew the following spells:

 Your Spells              Type           Power        Failure   Level  Hunger
a - Magic Dart            Conj           ##..         5%          1    None
b - Call Imp              Summ           #.......     14%         2    #......
e - Mephitic Cloud        Conj/Pois/Air  #.......     28%         3    ###....
v - Blink                 Tloc           N/A          14%         2    #......

Your spell library contained the following spells:

 Spells                   Type           Power        Failure   Level  Hunger
 Slow                     Hex            #.......     19%         2    #......
 Conjure Flame            Conj/Fire      #.......     26%         3    ###....


Dungeon Overview and Level Annotations

Branches:
Dungeon (4/15)
 Temple: D:4-7

Altars:

Annotations:
D:1 1 exclusion


Innate Abilities, Weirdness & Mutations

You are too large for most types of armour.
You have tough skin. (AC +1)


Message History

Casting: Magic Dart (safe; 5% risk of failure)
Confirm with . or Enter, or press ? or * to list all spells.
Aiming: Magic Dart (safe; 5% risk of failure)
Press: ? - help, Shift-Dir - straight line, p - iguana The iguana bites your crimson imp.
There is a stone staircase leading up here.
The iguana bites you.
Your crimson imp blinks!
Casting: Magic Dart (safe; 5% risk of failure)
Confirm with . or Enter, or press ? or * to list all spells.
Aiming: Magic Dart (safe; 5% risk of failure)
Press: ? - help, Shift-Dir - straight line, f - iguana
Aim: an iguana (heavily wounded)
The magic dart hits the iguana but does no damage.
The iguana is heavily wounded.
The iguana closely misses your crimson imp.
Casting: Magic Dart (safe; 5% risk of failure)
Confirm with . or Enter, or press ? or * to list all spells.
You don't have enough magic to cast that spell.
Casting: Magic Dart (safe; 5% risk of failure)
Confirm with . or Enter, or press ? or * to list all spells.
You don't have enough magic to cast that spell.
You hit the iguana.
The iguana is heavily wounded.
The iguana barely misses you.
Your crimson imp blinks!
You closely miss the iguana.
The iguana is severely wounded.
The iguana bites your crimson imp!
You hit the iguana but do no damage.
The iguana is severely wounded.
The iguana closely misses your crimson imp.
Your crimson imp blinks!
You closely miss the iguana.
The iguana is almost dead.
The iguana closely misses you.
You closely miss the iguana.
The iguana is almost dead.
Your crimson imp disappears in a puff of smoke!
The iguana bites you but does no damage.
Your crimson imp blinks!
You hit the iguana but do no damage.
The iguana is almost dead.
The iguana barely misses you.
Your crimson imp blinks!
You closely miss the iguana.
The iguana is almost dead.
The iguana bites you but does no damage.
You closely miss the iguana.
The iguana is almost dead.
The iguana bites you.
You closely miss the iguana.
The iguana is almost dead.
The iguana bites you!
* * * LOW HITPOINT WARNING * * *
Your crimson imp blinks!
The iguana bites you!
* * * LOW HITPOINT WARNING * * *
Your crimson imp blinks!
The iguana hisses menacingly.
The iguana barely misses your crimson imp.
Your crimson imp blinks!
The iguana bites you!
You die...

# .#
############.#####
##.....#...........
##...?.(...<.......#
#......@l..§.......#
#........5..........
#....>..........?..#
#.......5...........
#.....§...(.....####
##.............##
##.....#.....##
#############


You could see an iguana and 2 friendly crimson imps.

Vanquished Creatures
  3 orcs
  5 bats
  A giant cockroach (D:2)
  A goblin (D:2)
  4 hobgoblins
  2 kobolds
  2 quokkas (D:2)
  A ball python (D:1)
  2 frilled lizards
  5 rats
26 creatures vanquished.

Notes
Turn   | Place    | Note
-------+----------+-------------------------------------------
     0 | D:1      | Amnesiac the Ogre Wizard began the quest for the Orb.
     0 | D:1      | Reached XP level 1. HP: 16/16 MP: 5/5
    59 | D:1      | Reached skill level 1 in Conjurations
   321 | D:1      | Reached XP level 2. HP: 24/24 MP: 1/6
   325 | D:1      | Learned a level 2 spell: Blink
   328 | D:1      | Learned a level 2 spell: Call Imp
  1074 | D:3      | Reached XP level 3. HP: 31/31 MP: 1/8
  1190 | D:2      | Learned a level 3 spell: Mephitic Cloud
  1256 | D:3      | Reached skill level 4 in Spellcasting
  1350 | D:4      | Mangled by an iguana

Illustrated notes

Levels and vault maps discovered:
D:1:      psy_arrival_radial02, layout_loops_ring, due_unseen_surprise
D:2:      kennysheep_the_goblin_king, layout_rooms, serial_park_tiny_1,
          guppyfry_early_lair_pool
D:3:      layout_basic, nicolae_tso_carved_into_rock
D:4:      layout_rooms, serial_shops, nicolae_shop_stone, shop_fountains,
          nicolae_shop_temple_entry_statues_fountains, shop, shop, uniq_edmund

Skill      XL: |  1  2  3 |
---------------+----------+-----
Conjurations   | 1 2 |  2.0
Spellcasting   | 4 |  4.0
Dodging        | |  1.7
Stealth        | |  1.8
Summonings     | |  0.8
Translocations | |  0.8

Action                   || total
-------------------------++-------
Melee: Whip              ||    54
 Cast: Magic Dart        ||    51
       Call Imp          ||     3
 Stab: Sleeping          ||     1
  Eat: Chunk             ||     1
Armor: Robe              ||    14
Dodge: Dodged            ||    36

Table legend:
 A = Non-vault XP
 B = Vault XP
 C = Vault XP percentage of total XP
 D = Non-vault monster count
 E = Vault monster count
 F = Vault count percentage of total count
                 A         B        C        D         E       F
            +---------+---------+-------+---------+---------+-------
      Total |      44 |       0 |   0.0 |      26 |       0 |   0.0
            +---------+---------+-------+---------+---------+-------
        D:1 |      15 |       0 |   0.0 |      11 |       0 |   0.0
        D:2 |      21 |       0 |   0.0 |      12 |       0 |   0.0
        D:3 |       8 |       0 |   0.0 |       3 |       0 |   0.0
            +---------+---------+-------+---------+---------+-------
